TL
ROUND ROCK EXPRESS @ DALLAS-FORT WORTH RANGERS
04/26/1982
 
TOP OF THE 1ST
Round Rock Express batting - Pitching for Dallas-Fort Worth Rangers : RHP Roy J Thomas
Pitching: RHP Roy J Thomas
Batting: LHB Steve Lyons 0-0: Ball
1-0: Foul Ball, location: 2F
1-1: Ground out 3-1 (Groundball, 34, EV 106.9 MPH)
Batting: LHB Luis Armijo 0-0: Ground out 4-3 (Groundball, 4, EV 85.0 MPH)
Batting: RHB Alejandro Sanchez 0-0: Ball
1-0: Swinging Strike
1-1: Foul Ball, location: 2F
1-2: Strikes out swinging
Top of the 1st over - 0 runs, 0 hits, 0 errors, 0 left on base; Round Rock 0 - Dallas-Fort Worth 0
BOTTOM OF THE 1ST
Dallas-Fort Worth Rangers batting - Pitching for Round Rock Express : RHP Glen Cook
Pitching: RHP Glen Cook
Batting: RHB Dave Aponte 0-0: Called Strike
0-1: Foul Ball, location: 2F
0-2: Ball
1-2: Ball
2-2: Foul Ball, location: 2F
2-2: Fly out, F3 (Flyball, 3D, EV 83.8 MPH)
Batting: RHB Phil Bradley 0-0: Ball
1-0: Ball
2-0: Foul Ball, location: 2F
2-1: SINGLE (Flyball, 89S, EV 91.9 MPH)
Batting: LHB Sid Bream 0-0: Called Strike
0-1: Ball
1-1: Fly out, F5 (Popup, 56, EV 70.6 MPH)
Batting: LHB Stan Levi 0-0: Ball
1-0: Foul Ball, location: 2F
1-1: Fly out, F7 (Flyball, 7LS, EV 83.8 MPH)
Bottom of the 1st over - 0 runs, 1 hit, 0 errors, 1 left on base; Round Rock 0 - Dallas-Fort Worth 0
TOP OF THE 2ND
Round Rock Express batting - Pitching for Dallas-Fort Worth Rangers : RHP Roy J Thomas
Batting: LHB Al Chambers 0-0: Ball
1-0: Called Strike
1-1: Ball
2-1: Ground out 6-3 (Groundball, 56, EV 81.9 MPH)
Batting: RHB Martyn Maxwell 0-0: Ball
1-0: Called Strike
1-1: Foul Ball, location: 2F
1-2: Foul Ball, location: 2F
1-2: Foul Ball, location: 2F
1-2: Foul Ball, location: 2F
1-2: SOLO HOME RUN (Flyball, 8LXD, EV 108.1 MPH), Distance : 421 ft
Batting: LHB Dave Sanchez 0-0: Ball
1-0: Ball
2-0: Called Strike
2-1: Swinging Strike
2-2: Ball
3-2: Foul Ball, location: 2F
3-2: Foul Ball, location: 2F
3-2: Foul Ball, location: 2F
3-2: Strikes out swinging
Batting: RHB Gerald Miller 0-0: Called Strike
0-1: Called Strike
0-2: Ball
1-2: Foul Ball, location: 2F
1-2: Foul Ball, location: 2F
1-2: Ball
2-2: Strikes out looking
Top of the 2nd over - 1 run, 1 hit, 0 errors, 0 left on base; Round Rock 1 - Dallas-Fort Worth 0
BOTTOM OF THE 2ND
Dallas-Fort Worth Rangers batting - Pitching for Round Rock Express : RHP Glen Cook
Batting: RHB Terry Lee 0-0: Ball
1-0: Swinging Strike
1-1: Called Strike
1-2: Strikes out looking
Batting: RHB Ross Jones 0-0: Ground out 6-3 (Groundball, 6, EV 105.0 MPH)
Batting: RHB Steve Nicosia 0-0: Foul Ball, location: 2F
0-1: Ball
1-1: Ball
2-1: Swinging Strike
2-2: Fly out, F4 (Line Drive, 4, EV 70.6 MPH)
Bottom of the 2nd over - 0 runs, 0 hits, 0 errors, 0 left on base; Round Rock 1 - Dallas-Fort Worth 0
TOP OF THE 3RD
Round Rock Express batting - Pitching for Dallas-Fort Worth Rangers : RHP Roy J Thomas
Batting: LHB James Jennings 0-0: Ball
1-0: Ball
2-0: Ball
3-0: Called Strike
3-1: Base on Balls
Batting: RHB Mike Sodders 0-0: Ball
1-0: Ball
2-0: Foul Ball, location: 2F
2-1: Swinging Strike
2-2: Foul Ball, location: 2F
2-2: Fly out, F9 (Flyball, 9, EV 83.8 MPH)
Batting: LHB Steve Lyons 0-0: Called Strike
0-1: SINGLE (Flyball, 56D, EV 83.8 MPH)
James Jennings to second
Batting: LHB Luis Armijo 0-0: Called Strike
0-1: Fly out, F8 (Flyball, 8LD, EV 106.9 MPH)
Batting: RHB Alejandro Sanchez 0-0: Ball
1-0: Ground out U3 (Groundball, 3S, EV 86.9 MPH)
Top of the 3rd over - 0 runs, 1 hit, 0 errors, 2 left on base; Round Rock 1 - Dallas-Fort Worth 0
BOTTOM OF THE 3RD
Dallas-Fort Worth Rangers batting - Pitching for Round Rock Express : RHP Glen Cook
Batting: SHB Eski Viltz 0-0: Foul Ball, location: 2F
0-1: Foul Ball, location: 2F
0-2: Strikes out swinging
Batting: LHB Garcia Gutierrez 0-0: Ball
1-0: Called Strike
1-1: Fly out, F6 (Line Drive, 6, EV 68.8 MPH)
Batting: RHB Dave Aponte 0-0: Ball
1-0: Called Strike
1-1: Called Strike
1-2: Foul Ball, location: 2F
1-2: Ball
2-2: Ground out U3 (Groundball, 3, EV 105.0 MPH)
Bottom of the 3rd over - 0 runs, 0 hits, 0 errors, 0 left on base; Round Rock 1 - Dallas-Fort Worth 0
TOP OF THE 4TH
Round Rock Express batting - Pitching for Dallas-Fort Worth Rangers : RHP Roy J Thomas
Batting: LHB Al Chambers 0-0: Called Strike
0-1: Ball
1-1: Ball
2-1: Ball
3-1: Called Strike
3-2: Foul Ball, location: 2F
3-2: Base on Balls
Batting: RHB Martyn Maxwell 0-0: Called Strike
0-1: Ball
1-1: Foul Ball, location: 2F
1-2: Strikes out looking
Batting: LHB Dave Sanchez 0-0: Ball
1-0: Ball
2-0: Called Strike
2-1: Foul Ball, location: 2F
2-2: Ball
3-2: Strikes out looking
Batting: RHB Gerald Miller 0-0: Swinging Strike
0-1: Foul Ball, location: 2F
0-2: Foul Ball, location: 2F
0-2: Ball
1-2: Ball
Al Chambers steals 2nd base
2-2: Foul Ball, location: 2F
2-2: SINGLE (Line Drive, 4MD, EV 98.1 MPH)
Al Chambers to third
Runner from 3rd tries for Home, SAFE, throw by CF to home
Batting: LHB James Jennings 0-0: Fielders Choice at 2nd, 5-4 (Groundball, 56, EV 100.0 MPH)
Top of the 4th over - 1 run, 1 hit, 0 errors, 1 left on base; Round Rock 2 - Dallas-Fort Worth 0
BOTTOM OF THE 4TH
Dallas-Fort Worth Rangers batting - Pitching for Round Rock Express : RHP Glen Cook
Batting: RHB Phil Bradley 0-0: Foul Ball, location: 2F
0-1: Swinging Strike
0-2: Ball
1-2: Ball
2-2: Foul Ball, location: 2F
2-2: Foul Ball, location: 2F
2-2: Ball
3-2: Base on Balls
Batting: LHB Sid Bream 0-0: Ball
1-0: Ball
2-0: Ball
3-0: Called Strike
3-1: Fly out, F7 (Flyball, 7LS, EV 93.1 MPH)
Batting: LHB Stan Levi 0-0: Swinging Strike
0-1: Ball
1-1: Swinging Strike
1-2: Ball
2-2: Ground out U3 (Groundball, 34S, EV 86.3 MPH)
Phil Bradley to second
Batting: RHB Terry Lee 0-0: Ball
1-0: Ball
2-0: Ball
3-0: Called Strike
3-1: Called Strike
3-2: Foul Ball, location: 2F
3-2: Foul Ball, location: 2F
3-2: Fly out, F9 (Flyball, 89D, EV 96.9 MPH)
Bottom of the 4th over - 0 runs, 0 hits, 0 errors, 1 left on base; Round Rock 2 - Dallas-Fort Worth 0
TOP OF THE 5TH
Round Rock Express batting - Pitching for Dallas-Fort Worth Rangers : RHP Roy J Thomas
Batting: RHB Mike Sodders 0-0: Ball
1-0: Ball
2-0: Foul Ball, location: 2F
2-1: SOLO HOME RUN (Flyball, 78XD, EV 95.0 MPH), Distance : 413 ft
Batting: LHB Steve Lyons 0-0: Ball
1-0: Called Strike
1-1: Ball
2-1: Foul Ball, location: 2F
2-2: Strikes out swinging
Batting: LHB Luis Armijo 0-0: Called Strike
0-1: Foul Ball, location: 2F
0-2: Fly out, F8 (Flyball, 8RXD, EV 99.4 MPH)
Batting: RHB Alejandro Sanchez 0-0: Ball
1-0: Fly out, F9 (Flyball, 9LM, EV 99.4 MPH)
Top of the 5th over - 1 run, 1 hit, 0 errors, 0 left on base; Round Rock 3 - Dallas-Fort Worth 0
BOTTOM OF THE 5TH
Dallas-Fort Worth Rangers batting - Pitching for Round Rock Express : RHP Glen Cook
Batting: RHB Ross Jones 0-0: Ball
1-0: Ball
2-0: Ball
3-0: Base on Balls
Batting: RHB Steve Nicosia 0-0: Called Strike
0-1: Swinging Strike
0-2: Ball
1-2: Strikes out looking
Batting: SHB Eski Viltz 0-0: SINGLE (Line Drive, 6MD, EV 95.6 MPH)
Ross Jones to second
Runner from 2nd tries for 3rd, SAFE, no throw by CF
Batting: LHB Garcia Gutierrez 0-0: Ball
1-0: Ball
2-0: Called Strike
2-1: Fly out, F7 (Line Drive, 7, EV 97.5 MPH)
Runner from 3rd tags up, SCORES, no throw by LF
Batting: RHB Dave Aponte 0-0: Called Strike
0-1: Ball
1-1: Swinging Strike
1-2: Ball
2-2: Strikes out swinging
Bottom of the 5th over - 1 run, 1 hit, 0 errors, 1 left on base; Round Rock 3 - Dallas-Fort Worth 1
TOP OF THE 6TH
Round Rock Express batting - Pitching for Dallas-Fort Worth Rangers : RHP Roy J Thomas
Batting: LHB Al Chambers 0-0: Foul Ball, location: 2F
0-1: Foul Ball, location: 2F
0-2: Ball
1-2: Strikes out swinging
Batting: RHB Martyn Maxwell 0-0: Ball
1-0: Called Strike
1-1: Foul Ball, location: 2F
1-2: Fly out, F8 (Flyball, 78M, EV 94.4 MPH)
Batting: LHB Dave Sanchez 0-0: SINGLE (Groundball, 34D, EV 100.6 MPH)
Batting: RHB Gerald Miller 0-0: Called Strike
0-1: Ball
1-1: Ball
2-1: Called Strike
2-2: Strikes out swinging
Top of the 6th over - 0 runs, 1 hit, 0 errors, 1 left on base; Round Rock 3 - Dallas-Fort Worth 1
BOTTOM OF THE 6TH
Dallas-Fort Worth Rangers batting - Pitching for Round Rock Express : RHP Glen Cook
Batting: RHB Phil Bradley 0-0: Ball
1-0: Called Strike
1-1: Foul Ball, location: 2F
1-2: Strikes out looking
Batting: LHB Sid Bream 0-0: Swinging Strike
0-1: Ball
1-1: Ground out 5-3 (Groundball, 56, EV 80.6 MPH)
Batting: LHB Stan Levi 0-0: Ball
1-0: Called Strike
1-1: Called Strike
1-2: Fly out, F8 (Flyball, 8RM, EV 78.1 MPH)
Bottom of the 6th over - 0 runs, 0 hits, 0 errors, 0 left on base; Round Rock 3 - Dallas-Fort Worth 1
TOP OF THE 7TH
Round Rock Express batting - Pitching for Dallas-Fort Worth Rangers : RHP Roy J Thomas
Batting: LHB James Jennings 0-0: Called Strike
0-1: Foul Ball, location: 2F
0-2: Foul Ball, location: 2F
0-2: Ball
1-2: Ball
2-2: Strikes out swinging
Batting: RHB Mike Sodders 0-0: Swinging Strike
0-1: Called Strike
0-2: Strikes out swinging
Batting: LHB Steve Lyons 0-0: Ball
1-0: Ball
2-0: Ball
3-0: Called Strike
3-1: DOUBLE (Flyball, 8LXD, EV 96.3 MPH)
Batting: LHB Luis Armijo 0-0: Swinging Strike
0-1: Ball
1-1: Swinging Strike
1-2: Ball
2-2: Ball
3-2: SINGLE (Line Drive, 6MD, EV 94.4 MPH)
Steve Lyons to third
Steve Lyons scores
Batting: RHB Alejandro Sanchez 0-0: Called Strike
0-1: Ball
1-1: Fly out, F8 (Line Drive, 8RD, EV 98.1 MPH)
Top of the 7th over - 1 run, 2 hits, 0 errors, 1 left on base; Round Rock 4 - Dallas-Fort Worth 1
BOTTOM OF THE 7TH
Dallas-Fort Worth Rangers batting - Pitching for Round Rock Express : RHP Glen Cook
Batting: RHB Terry Lee 0-0: Called Strike
0-1: Ball
1-1: Foul Ball, location: 2F
1-2: Strikes out looking
Batting: RHB Ross Jones 0-0: Fly out, F4 (Line Drive, 4, EV 73.1 MPH)
Batting: RHB Steve Nicosia 0-0: Ball
1-0: Fly out, F9 (Flyball, 89D, EV 90.6 MPH)
Bottom of the 7th over - 0 runs, 0 hits, 0 errors, 0 left on base; Round Rock 4 - Dallas-Fort Worth 1
TOP OF THE 8TH
Round Rock Express batting - Pitching for Dallas-Fort Worth Rangers : RHP Roy J Thomas
Batting: LHB Al Chambers 0-0: Swinging Strike
0-1: Ball
1-1: Swinging Strike
1-2: Ball
2-2: Strikes out swinging
Batting: RHB Martyn Maxwell 0-0: Called Strike
0-1: SOLO HOME RUN (Flyball, 7D, EV 95.6 MPH), Distance : 386 ft
Pitching: RHP Randy McGilberry
Batting: LHB Dave Sanchez 0-0: SINGLE (Flyball, 9S, EV 93.1 MPH)
Batting: RHB Gerald Miller 0-0: Ball
1-0: Foul Ball, location: 2F
1-1: Foul Ball, location: 2F
1-2: Foul Ball, location: 2F
1-2: Ball
2-2: Ball
3-2: Fly out, F9 (Flyball, 9LD, EV 91.9 MPH)
Batting: LHB James Jennings 0-0: Ball
1-0: Ball
2-0: Ball
3-0: Base on Balls
Dave Sanchez to second
Batting: RHB Mike Sodders 0-0: Foul Ball, location: 2F
0-1: Foul Ball, location: 2F
0-2: Ball
1-2: SINGLE (Groundball, 56D, EV 101.3 MPH)
Dave Sanchez to third
James Jennings to second
Runner from 3rd tries for Home, SAFE, throw by LF to home
Batting: LHB Steve Lyons 0-0: Called Strike
0-1: Foul Ball, location: 2F
0-2: Ball
1-2: Foul Ball, location: 2F
1-2: Fly out, F8 (Flyball, 8RS, EV 91.9 MPH)
Top of the 8th over - 2 runs, 3 hits, 0 errors, 2 left on base; Round Rock 6 - Dallas-Fort Worth 1
BOTTOM OF THE 8TH
Dallas-Fort Worth Rangers batting - Pitching for Round Rock Express : RHP Glen Cook
Batting: SHB Eski Viltz 0-0: Swinging Strike
0-1: Swinging Strike
0-2: Fly out, F7 (Line Drive, 7D, EV 108.8 MPH)
Pitching: RHP Mario Kaufman
Batting: LHB Garcia Gutierrez 0-0: Ball
1-0: Fly out, F8 (Flyball, 89D, EV 96.9 MPH)
Batting: RHB Dave Aponte 0-0: Ball
1-0: Ball
2-0: Ball
3-0: Called Strike
3-1: Fly out, F4 (Popup, 34S, EV 81.9 MPH)
Bottom of the 8th over - 0 runs, 0 hits, 0 errors, 0 left on base; Round Rock 6 - Dallas-Fort Worth 1
TOP OF THE 9TH
Round Rock Express batting - Pitching for Dallas-Fort Worth Rangers : RHP Randy McGilberry
Batting: LHB Luis Armijo 0-0: Ball
1-0: Called Strike
1-1: Ball
2-1: Ball
3-1: Called Strike
3-2: SINGLE (Line Drive, 78M, EV 86.9 MPH)
Batting: RHB Alejandro Sanchez 0-0: Called Strike
0-1: Ball
1-1: Ball
2-1: Foul Ball, location: 2F
2-2: Fly out, F7 (Flyball, 7S, EV 92.5 MPH)
Pitching: LHP Manny Sandate
Batting: LHB Al Chambers 0-0: Foul Ball, location: 2F
0-1: Swinging Strike
0-2: Ball
1-2: Ball
2-2: Foul Ball, location: 2F
2-2: Strikes out swinging
Batting: RHB Martyn Maxwell 0-0: Ball
1-0: Called Strike
1-1: Ball
2-1: Ball
3-1: Base on Balls
Luis Armijo to second
Batting: LHB Dave Sanchez 0-0: Ball
1-0: SINGLE (Groundball, 56D, EV 100.0 MPH)
Luis Armijo to third
Martyn Maxwell to second
Runner from 3rd tries for Home, SAFE, throw by LF to home
Batting: RHB Gerald Miller 0-0: Ball
1-0: Swinging Strike
1-1: Called Strike
1-2: Ball
2-2: Ground out 5-3 (Groundball, 56, EV 101.3 MPH)
Top of the 9th over - 1 run, 2 hits, 0 errors, 2 left on base; Round Rock 7 - Dallas-Fort Worth 1
BOTTOM OF THE 9TH
Dallas-Fort Worth Rangers batting - Pitching for Round Rock Express : RHP Mario Kaufman
Batting: RHB Phil Bradley 0-0: Ball
1-0: Foul Ball, location: 2F
1-1: Ball
2-1: Fly out, F7 (Flyball, 7, EV 89.4 MPH)
Batting: LHB Sid Bream 0-0: SINGLE (Flyball, 6MD, EV 92.5 MPH)
Batting: LHB Stan Levi 0-0: Foul Ball, location: 2F
0-1: Ball
1-1: Swinging Strike
1-2: Ball
2-2: Strikes out swinging
Batting: RHB Terry Lee 0-0: Ball
1-0: Foul Ball, location: 2F
1-1: Called Strike
1-2: Strikes out swinging
Bottom of the 9th over - 0 runs, 1 hit, 0 errors, 1 left on base; Round Rock 7 - Dallas-Fort Worth 1
Thursday, July 23rd, 2020 - OOTP Baseball 21.5 Build 71